 Dungeon Crawl Stone Soup version 0.27.0-1-g7a089689b8 (webtiles) character file.

Game seed: 9485926769199967786

30 Froggeryz the Caller (level 2, 0/23 HPs)
             Began as a Demigod Summoner on Aug 1, 2021.
             Succumbed to an adder's poison
             ... on level 2 of the Dungeon.
             The game lasted 00:01:56 (1548 turns).

Froggeryz the Caller (Demigod Summoner)             Turns: 1548, Time: 00:01:57

Health: 0/23       AC:  3    Str:  9    XL:     2   Next: 84%
Magic:  2/7        EV: 12    Int: 17    God:
Gold:   88         SH:  0    Dex: 14    Spells: 3/4 levels left

rFire    . . .     SeeInvis .   c - +0 whip
rCold    . . .     Faith    .   (no shield)
rNeg     . . .     Spirit   .   a - +0 robe
rPois    .         Reflect  .   (no helmet)
rElec    .         Harm     .   (no cloak)
rCorr    .         Rampage  .   d - +0 pair of gloves
Will     .....                  (no boots)
Stlth    ++........             (no amulet)
HPRegen  0.07/turn              (no ring)
MPRegen  0.10/turn              (no ring)

@: lethally poisoned (0 -> -4)
A: high mp 1, forlorn
a: no special abilities


You were on level 2 of the Dungeon.
You visited 1 branch of the dungeon, and saw 2 of its levels.

You collected 88 gold pieces.

Inventory:

Hand Weapons
 c - a +0 whip (weapon)
Missiles
 e - 23 poisoned darts (quivered)
Armour
 a - a +0 robe (worn)
 d - a +0 pair of gloves (worn)
Jewellery
 f - a ring of protection from fire


   Skills:
 - Level 1.1 Fighting
 * Level 1.4 Maces & Flails
 + Level 0.3 Armour
 - Level 1.7 Dodging
 - Level 1.7 Stealth
 - Level 1.7 Spellcasting
 - Level 3.7 Summonings


You had 3 spell levels left.
You knew the following spells:

 Your Spells              Type           Power      Damage    Failure   Level
a - Summon Small Mammal   Summ           56%        N/A       4%          1

Your spell library contained the following spells:

 Spells                   Type           Power      Damage    Failure   Level
 Call Imp                 Summ           14%        N/A       6%          2
 Call Canine Familiar     Summ           14%        N/A       13%         3
 Pain                     Necr           4%         1d4       21%         1
 Summon Guardian Golem    Hex/Summ       7%         N/A       26%         3
 Gell's Gravitas          Tloc           0%         N/A       52%         3
 Lesser Beckoning         Tloc           0%         N/A       52%         3
 Teleport Other           Tloc           1%         N/A       52%         3
 Summon Lightning Spire   Summ/Air       7%         N/A       65%         4
 Agony                    Necr           1%         N/A       99%         5
 Excruciating Wounds      Necr           0%         N/A       99%         5


Dungeon Overview and Level Annotations

Branches:
Dungeon (2/15)

Shops:
D:2 (


Innate Abilities, Weirdness & Mutations

Your attributes grow dramatically as you level up.
You have an increased reservoir of magic. (+10% MP)
You shall have no god before yourself.


Message History

The adder is lightly wounded.
You feel very sick.
Your bat barely misses the adder.
The adder bites you.
You are lethally poisoned!
The adder poisons you!
You barely miss the adder.
The adder is lightly wounded.
You feel very sick.
Your bat hits the adder. The adder barely misses you.
Your quokka misses the adder. The adder completely misses you.
You closely miss the adder.
The adder is moderately wounded.
* * * LOW HITPOINT WARNING * * *
You feel very sick.
Your bat barely misses the adder.
Your quokka bites the adder.
The adder closely misses you.
Your bat misses the adder. You closely miss the adder.
The adder is severely wounded.
* * * LOW HITPOINT WARNING * * *
You feel sick.
Your bat hits the adder but does no damage.
Your quokka bites the adder.
The adder dies!
You aren't carrying any potions.
As you read the scroll labelled HIFIMA DIDWIGG, it crumbles to dust.
You hear a loud clanging noise!
It was a scroll of noise.
* * * LOW HITPOINT WARNING * * *
You feel sick.
You hear an angry hiss.
You hear a shout! x3
You aren't carrying any potions.
Okay, then.
Unknown command.
As you read the scroll labelled OBIOVV PEAPOOG, it crumbles to dust.
You speak a Word of immense power!
It was a scroll of holy word.
* * * LOW HITPOINT WARNING * * *
You feel sick.
* * * LOW HITPOINT WARNING * * *
You feel sick.
You die...

.#.#.#.#.#.#...'.......
.#.#.#.#.#.#.#..'.......
..#...#...#...#≈#.......
#.#.#.#.#.#.#≈≈###.....
..#.#.#...#≈≈## #....#
#.#.#†#r#≈≈## #.....
..#rrb#≈≈## #.....
#.#.#.#≈≈## ##.....
≈≈#..@#≈≈## .........
##≈≈...≈≈## ....#...#
###+++### .....#...#
.....#...# .... #....
#.... .#... . ..


You could see a friendly quokka (summoned), a friendly bat (summoned) and a
friendly rat (summoned).

Vanquished Creatures
  2 dart slugs
  3 giant cockroaches (D:1)
  2 goblins (D:1)
  A ball python (D:1)
  3 frilled lizards
  A rat (D:1)
12 creatures vanquished.

Vanquished Creatures (collateral kills)
  A gnoll (D:1)
  An adder (D:2)
  An endoplasm (D:2)
  A hobgoblin (D:2)
  A quokka (D:2)
  2 kobolds (D:1)
7 creatures vanquished.

Vanquished Creatures (others)
  2 fungi (D:1)
2 creatures vanquished.

Grand Total: 21 creatures vanquished

Notes
Turn   | Place    | Note
-------+----------+-------------------------------------------
     0 | D:1      | Froggeryz the Demigod Summoner began the quest for the Orb.
     0 | D:1      | Reached XP level 1. HP: 14/14 MP: 5/5
   451 | D:1      | Reached skill level 1 in Fighting
   451 | D:1      | Reached XP level 2. HP: 23/23 MP: 7/7
   748 | D:1      | Reached skill level 1 in Maces & Flails
  1049 | D:2      | Found Iskucifust's Antique Weapon Shoppe.
  1547 | D:2      | HP: 1/23 [poisoned by an adder]
  1548 | D:2      | Succumbed to an adder's poison

Illustrated notes

Levels and vault maps discovered:
D:1:      minmay_arrival_plants_in_alcoves, layout_basic,
          ebering_ecumenical_altar_petrified, roderic_roman_lattice,
          chequers_serial_rivers_large_b
D:2:      layout_basic, serial_shops, shop, nicolae_shop_overgrown_old_shop,
          st_stairs_2, kennysheep_cluttered_room

Skill      XL: |  1  2 |
---------------+-------+-----
Fighting       | 1 |  1.1
Maces & Flails | 1 |  1.4
Armour         | |  0.3
Dodging        | |  1.7
Stealth        | |  1.7
Spellcasting   | |  1.7
Summonings     | |  3.7

Action                   || total
-------------------------++-------
Melee: Whip              ||    77
       Unarmed           ||     2
       Short sword       ||     1
Throw: Dart              ||     2
 Cast: Summon Small Mamm ||    23
  Use: Scroll            ||     2
       Potion            ||     1
 Stab: Sleeping          ||     2
Armor: Robe              ||    22
       Skin              ||     1
Dodge: Dodged            ||    70
